 Dungeon Crawl Stone Soup version 0.30-a0-394-g3e4acdb0ae (webtiles) character file.

Game seed: 11491956528811319683

8248 NinjaNoafa the Cleaver (level 11, -19/95 HPs)
             Began as a Minotaur Fighter on Dec 6, 2022.
             Was an Initiate of Gozag.
             Killed from afar by an acid dragon (35 damage)
             ... with a splash of acid
             ... on level 9 of the Dungeon.
             The game lasted 00:13:22 (8530 turns).

NinjaNoafa the Cleaver (Minotaur Fighter)           Turns: 8530, Time: 00:13:23

Health: -19/95     AC:  2    Str: 23    XL:     11   Next: 7%
Magic:  10/10      EV: 17    Int:  5    God:    Gozag
Gold:   241        SH: 10    Dex: 12    Spells: 10/10 levels left

rFire   . . .      SeeInvis .    l - +0 broad axe
rCold   . . .      Faith    .    H - +0 kite shield
rNeg    . . .      Spirit   .    q - +2 chain mail {rPois}
rPois   +          Reflect  .    (helmet restricted)
rElec   .          Harm     .    J - +0 cloak
rCorr   .          Rampage  .    c - +1 pair of gloves
Will    .....                    S - +0 pair of boots {Stlth+}
Stlth   ..........               (no amulet)
HPRegen 0.35/turn                r - +4 ring of evasion
MPRegen 0.12/turn                D - +4 ring of evasion

@: corroded
A: horns 2, retaliatory headbutt
a: Renounce Religion, Potion Petition, Call Merchant, Bribe Branch


You were on level 9 of the Dungeon.
You worshipped Gozag.
Gozag was aware of your devotion.
You visited 2 branches of the dungeon, and saw 10 of its levels.
You also visited: Bailey.

You collected 840 gold pieces.
You spent 440 gold pieces at shops.
You paid 159 gold pieces to Gozag.

Inventory:

Hand Weapons
 l - a +0 broad axe (weapon)
 p - a +3 hand axe of flaming
Missiles
 b - 8 atropa-tipped darts
 g - 97 stones
 h - 25 poisoned darts
 w - 4 boomerangs (quivered)
 A - 2 boomerangs of dispersal
 B - 4 throwing nets
 G - 2 javelins
Armour
 c - a +1 pair of gloves (worn)
 q - a +2 chain mail of poison resistance (worn)
 H - a +0 kite shield (worn)
 J - a +0 cloak (worn)
 S - a +0 pair of boots of stealth (worn)
Jewellery
 r - a +4 ring of evasion (left hand)
 z - a ring of ice
 D - a +4 ring of evasion (right hand)
Wands
 v - a wand of quicksilver (6)
 Q - a wand of roots (7)
 T - a wand of flame (1)
Scrolls
 a - a scroll of amnesia {unknown}
 e - 2 scrolls of poison {unknown}
 i - 4 scrolls of identify {unknown}
 n - 3 scrolls of enchant armour {unknown}
 t - a scroll of silence {unknown}
 u - a scroll of enchant weapon {unknown}
 x - 2 scrolls of fear {unknown}
 y - a scroll of noise {unknown}
 C - 2 scrolls of teleportation {unknown}
 E - a scroll of magic mapping {unknown}
 F - a scroll of immolation {unknown}
 N - 2 scrolls of fog {unknown}
 O - a scroll of vulnerability {unknown}
Potions
 d - 7 potions of might
 j - 2 potions of attraction {unknown}
 k - 4 potions of curing
 m - 3 potions of mutation
 o - 2 potions of flight
 s - a potion of magic {unknown}
 I - 3 potions of resistance {unknown}
 K - a potion of degeneration {unknown}
 L - a potion of haste {unknown}
 M - a potion of invisibility {unknown}
 P - a potion of brilliance {unknown}
 R - 2 potions of lignification {unknown}


   Skills:
 + Level 8.5 Fighting
 - Level 12.0 Axes
 - Level 5.0 Throwing
 + Level 8.2 Armour
 + Level 8.2 Dodging
 + Level 8.2 Shields


You had 10 spell levels left.
You didn't know any spells.
Your spell library contained the following spells:

 Spells                   Type           Power      Damage    Failure   Level
 Foxfire                  Conj/Fire      0%         2x1d4     100%        1
 Kiss of Death            Conj/Necr      0%         2d5       100%        1
 Confusing Touch          Hex            0%         N/A       100%        3
 Ignite Poison            Fire/Tmut/Pois 0%         N/A       100%        3
 Kindle Blastsparks       Fire/Tloc/Air  0%         2d10      100%        3
 Tukima's Dance           Hex            0%         N/A       100%        3
 Vhi's Electric Charge    Tloc/Air       0%         N/A       100%        3
 Dispel Undead            Necr           0%         3d6       100%        4
 Passage of Golubria      Tloc           0%         N/A       100%        4
 Arcjolt                  Conj/Air       0%         1d10      100%        5
 Fireball                 Conj/Fire      0%         3d3       100%        5
 Freezing Cloud           Conj/Ice/Air   0%         6-21      100%        5
 Yara's Violent Unravell  Hex/Tmut       0%         3d3       100%        5
 Starburst                Conj/Fire      0%         6d3       100%        6
 Maxwell's Capacitive Co  Air            0%         ∞         100%        8
 Polar Vortex             Ice            0%         N/A       100%        9
 Simulacrum               Ice/Necr       Unusable   N/A       N/A         6

Dungeon Overview and Level Annotations

Branches:
Dungeon (9/15)             Temple (1/1) D:7          Bailey (visited)
   Lair: D:8-11         Orc: D:9-12

Altars:
Ashenzari
Cheibriados
Dithmenos
Elyvilon
Fedhas
Gozag
Hepliaklqana
Kikubaaqudgha
Makhleb
Nemelex Xobeh
Okawaru
Qazlal
Ru
Trog
Uskayaw
Vehumet
Wu Jian
Xom
Yredelemnul
Zin

Shops:
D:3 !   D:4 !   D:6 [


Innate Abilities, Weirdness & Mutations

You have a pair of horns on your head.
You reflexively headbutt those who attack you in melee.


Message History

The acid dragon is moderately wounded.
The acid dragon spits acid at you. The splash of acid hits you!!
* * * LOW HITPOINT WARNING * * *
The acid corrodes you! The acid dragon barely misses you.
You furiously retaliate!
You headbutt the acid dragon, but do no damage.
You block the acid dragon's attack.
Okay, then.
You feel much better. The acid dragon spits acid at you.
The splash of acid hits you!!
* * * LOW HITPOINT WARNING * * *
You block the acid dragon's attack. The acid dragon closely misses you.
You feel much better. The acid dragon spits acid at you.
The splash of acid misses you. You block the acid dragon's attack.
The acid dragon barely misses you.
Aiming: Quicksilver Bolt
Press: ? - help, Shift-Dir - straight line, f - acid dragon
Aim: an acid dragon (moderately wounded, 71% to hit)
The bolt of dispelling energy hits the acid dragon!
The acid dragon is severely wounded.
The acid dragon bites you.
* * * LOW HITPOINT WARNING * * *
You block the acid dragon's attack. The acid dragon spits acid at you.
The splash of acid misses you.
Aiming: Fastroot
Press: ? - help, Shift-Dir - straight line, f - you, p - acid dragon The roots erupt in riotous growth!
Roots grab the acid dragon. x2
The grasping roots constrict the acid dragon. x2
The acid dragon bites you!
* * * LOW HITPOINT WARNING * * *
The acid dragon barely misses you. The acid dragon spits acid at you.
The splash of acid hits you!!
You die...
Your body crumbles into a pile of gold.

###'# ... #...# ....
####.### #..# #....#
#####..## ##'#####
#.......#
#......#####!......#
#......'..##.$$....#
#......##..'..D....#
###......#####..@....#
#.'......# #...D...#
#.#).....# #..[....#
..####+### ######'##
### .# #


You could see 2 acid dragons.

Vanquished Creatures
  2 vault guards (Bailey)
  Pikel (D:8)
  Joseph (D:8)
  A hornet (D:9)
  Prince Ribbit (Bailey)
  Sigmund (D:3)
  A wraith (D:6)
  3 yaks (D:9)
  2 steam dragons
  3 humans (Bailey)
  A swamp worm (D:7)
  An acid dragon (D:9)
  3 water moccasins
  2 sky beasts (D:8)
  An orc warrior (D:6)
  2 ice beasts
  3 ogres
  2 centaurs
  A lemure (D:8)
  13 bullfrogs
  A kobold brigand (D:9)
  6 necrophages
  A scorpion (D:5)
  2 gnoll sergeants
  5 wights (D:7)
  9 killer bees (D:8)
  An electric eel (D:6)
  3 howler monkeys
  A crimson imp (D:9)
  2 jellies (D:5)
  2 hounds
  An orc priest (D:5)
  A gnoll bouda (D:6)
  Jessica (D:3)
  4 iguanas
  3 orc wizards
  Terence (D:2)
  14 gnolls
  10 adders
  A white imp (D:6)
  2 adder zombies (D:5)
  3 worms
  3 dart slugs
  21 orcs
  6 ball pythons
  10 endoplasms
  7 giant cockroaches
  4 hobgoblins
  12 jackals
  2 quokkas
  A bat (D:1)
  4 frilled lizards
  2 goblins
  12 kobolds
  4 rats (D:1)
207 creatures vanquished.

Vanquished Creatures (others)
  An orc wizard (D:6)
  2 bushes (D:5)
  17 plants
20 creatures vanquished.

Grand Total: 227 creatures vanquished

Notes
Turn   | Place    | Note
-------+----------+-------------------------------------------
     0 | D:1      | NinjaNoafa the Minotaur Fighter began the quest for the
                  | Orb.
     0 | D:1      | Reached XP level 1. HP: 19/19 MP: 0/0
    54 | D:1      | Reached skill level 3 in Axes
    76 | D:1      | Reached XP level 2. HP: 25/26 MP: 1/1
   297 | D:1      | Reached skill level 4 in Axes
   552 | D:2      | Reached XP level 3. HP: 21/31 MP: 2/2
  1082 | D:2      | Reached skill level 5 in Axes
  1210 | D:2      | Noticed Terence
  1226 | D:2      | Killed Terence
  1227 | D:2      | Reached XP level 4. HP: 34/39 MP: 3/3
  1589 | D:3      | Found a shimmering altar of Xom.
  1594 | D:3      | Found a hazy altar of Hepliaklqana.
  1595 | D:3      | Noticed a spectral ugly thing
  1609 | D:3      | Noticed Sigmund
  1621 | D:3      | Killed Sigmund
  1622 | D:3      | Reached skill level 7 in Axes
  1622 | D:3      | Reached XP level 5. HP: 34/45 MP: 4/4
  1622 | D:3      | Reached XP level 6. HP: 38/51 MP: 5/5
  1678 | D:3      | Found Viepim's Distillery.
  1681 | D:3      | Bought a potion of curing for 30 gold pieces
  1694 | D:3      | Noticed Jessica
  1697 | D:3      | Killed Jessica
  2101 | D:3      | Found a glowing silver altar of Zin.
  2266 | D:4      | Found Okymadu's Distillery.
  2278 | D:4      | Reached skill level 8 in Axes
  2679 | D:4      | Noticed a steam dragon
  2684 | D:4      | Killed a steam dragon
  2685 | D:4      | Reached skill level 9 in Axes
  2685 | D:4      | Reached XP level 7. HP: 48/57 MP: 6/6
  2973 | D:5      | Entered Level 5 of the Dungeon
  3131 | D:5      | Reached skill level 10 in Axes
  3204 | D:5      | Reached skill level 1 in Dodging
  3800 | D:5      | Reached XP level 8. HP: 50/67 MP: 7/7
  3858 | D:5      | Found a blossoming altar of Fedhas.
  4021 | D:5      | Reached skill level 5 in Fighting
  4021 | D:5      | Reached skill level 5 in Armour
  4021 | D:5      | Reached skill level 5 in Shields
  4880 | D:6      | Reached XP level 9. HP: 75/75 MP: 8/8
  4884 | D:6      | Found Bim Jant's Antique Armour Emporium.
  5357 | D:7      | Reached skill level 5 in Dodging
  5833 | D:7      | Found a flagged portal.
  5842 | Bailey   | Entered a bailey
  5935 | Bailey   | Noticed a vault guard
  5935 | Bailey   | Noticed Prince Ribbit
  5940 | Bailey   | Killed Prince Ribbit
  5956 | Bailey   | Killed a vault guard
  5957 | Bailey   | Reached XP level 10. HP: 42/88 MP: 9/9
  6121 | Bailey   | Noticed a vault guard
  6145 | Bailey   | Killed a vault guard
  6392 | Bailey   | Reached skill level 1 in Throwing
  6769 | D:7      | Found a staircase to the Ecumenical Temple.
  6780 | Temple   | Entered the Ecumenical Temple
  6936 | Temple   | Became a worshipper of Gozag Ym Sagoz the Greedy
  7291 | D:8      | Noticed Pikel
  7302 | D:8      | Killed Pikel
  7303 | D:8      | Reached skill level 5 in Throwing
  7303 | D:8      | Reached skill level 11 in Axes
  7404 | D:8      | Found a sparkling altar of Nemelex Xobeh.
  7458 | D:8      | Identified the +6 dire flail of the Beast {elec, rC++ SInv}
  7740 | D:8      | Noticed Joseph
  7757 | D:8      | Killed Joseph
  7758 | D:8      | Reached skill level 12 in Axes
  7893 | D:6      | Bought a pair of embroidered boots for 210 gold pieces
  8023 | D:3      | Bought a potion of heal wounds for 50 gold pieces
  8023 | D:3      | Bought a potion of might for 40 gold pieces
  8023 | D:3      | Bought a potion of curing for 30 gold pieces
  8023 | D:3      | Bought a potion of mutation for 80 gold pieces
  8225 | D:9      | Found a shadowy altar of Dithmenos.
  8226 | D:9      | Found a sacrificial altar of Ru.
  8227 | D:9      | Found a broken altar of Ashenzari.
  8289 | D:9      | Reached XP level 11. HP: 94/95 MP: 10/10
  8404 | D:9      | Found a burning altar of Makhleb.
  8404 | D:9      | Found a radiant altar of Vehumet.
  8525 | D:9      | HP: 3/95 [acid dragon/splash of acid (28)]
  8530 | D:9      | Killed from afar by an acid dragon

Illustrated notes

Levels and vault maps discovered:
D:1:      evilmike_arrival_fibonacci_small, layout_rooms
D:2:      layout_loops_corners, minmay_distorted, uniq_terence
D:3:      layout_loops_ring, regret_index_temple_of_mockery, zin_treasury,
          serial_shops, nicolae_shop_behind_doors, uniq_jessica, uniq_sigmund
D:4:      layout_basic, serial_shops, nicolae_stop_n_shop_2
D:5:      layout_loops_cross, fedhas_altar_decomposition, chequers_jeans
D:6:      layout_basic, serial_shops, nicolae_shop_statue_plus,
          nicolae_concentric_dashed_squares_mild, nicolae_benzene_ring,
          minivault_19, minivault_4
D:7:      layout_rooms, minmay_temple_entry_drinking_statues, enter_bailey_8,
          worms_lemuel
D:8:      layout_loops_ring, nemelex_diamond_rough_becter, uniq_pikel,
          uniq_joseph
D:9:      layout_roguey, grunt_temple_overflow_lords_of_destruction,
          nicolae_overflow_hidden_temple
Temple:   chequers_temple_sunken

Skill      XL: |  1  2  3  4  5  6  7  8  9 10 |
---------------+-------------------------------+-----
Axes           | 3 4 5 7 9 10 12 | 12.0
Dodging        | 2 4 7 8 |  8.2
Fighting       | 4 6 8 |  8.5
Armour         | 4 6 8 |  8.2
Shields        | 4 6 8 |  8.2
Throwing       | 5 |  5.0

Action                   |  1- 3 |  4- 6 |  7- 9 | 10-12 || total
-------------------------+-------+-------+-------+-------++-------
Melee: War axe           |    83 |     4 |       |       ||    87
       Headbutt          |     7 |    13 |    57 |    28 ||   105
       Hand axe          |       |    73 |   262 |     3 ||   338
       Broad axe         |       |       |       |   163 ||   163
Throw: Dart              |     6 |       |       |       ||     6
       Boomerang         |       |       |    21 |     6 ||    27
Evoke: Wand              |       |       |     3 |     4 ||     7
  Use: Potion            |       |       |       |     5 ||     5
Armor: Scale mail        |    49 |     3 |       |       ||    52
       Chain mail        |       |    49 |    67 |    56 ||   172
Dodge: Dodged            |    29 |    35 |   143 |   115 ||   322
Block: Buckler           |    18 |    17 |    28 |       ||    63
       Kite shield       |       |       |    43 |    83 ||   126

Table legend: (Time is in decaauts)
 A = Elapsed time spent in this place.
 B = Non-inter-level travel time spent in this place.
 C = Inter-level travel time spent in this place.
 D = Time resting spent in this place.
 E = Time spent auto-exploring this place.
 F = Levels seen in this place.
 G = Mean time per level.
                   A        B        C        D        E       F      G
               +--------+--------+--------+--------+--------+-----+--------+
         Total |   8650 |   8073 |    577 |      0 |   6482 |  11 |  786.4 |
       Dungeon |   7712 |   7181 |    531 |      0 |   5741 |   9 |  856.9 |
        Temple |    227 |    181 |     46 |      0 |    174 |   1 |  227.0 |
        Bailey |    710 |    710 |      0 |      0 |    565 |   1 |  710.0 |
               +--------+--------+--------+--------+--------+-----+--------+

Top non-repeatable levels by time:
     D:6: 1319 daAuts
     D:5: 1123 daAuts
     D:2: 1067 daAuts
     D:7: 928 daAuts
     D:8: 866 daAuts
     D:4: 795 daAuts
     D:3: 783 daAuts
  Bailey: 710 daAuts
     D:1: 501 daAuts
     D:9: 326 daAuts
  Temple: 227 daAuts
